 Dungeon Crawl Stone Soup version 0.27-a0-1184-ge86db4a01e (webtiles) character file.

Game seed: 1758634560219584432

830 karrick the Grave Robber (level 7, -6/36 HPs)
             Began as a Deep Elf Necromancer on May 19, 2021.
             Mangled by a wyvern zombie (13 damage)
             ... on level 6 of the Dungeon.
             The game lasted 00:23:44 (7716 turns).

karrick the Grave Robber (Deep Elf Necromancer)     Turns: 7716, Time: 00:23:45

Health: -6/36      AC:  5    Str:  6    XL:     7   Next: 65%
Magic:  17/19      EV: 13    Int: 21    God:
Gold:   198        SH:  0    Dex: 15    Spells: 12/20 levels left

rFire    + . .     SeeInvis .   t - +7 rapier "Cockeq" {flame, rF+}
rCold    . . .     Faith    .   (no shield)
rNeg     . . .     Spirit   .   a - +0 robe
rPois    .         Reflect  .   (no helmet)
rElec    .         Harm     .   (no cloak)
rCorr    .         Rampage  .   r - +0 pair of gloves
Will     .....                  d - +1 pair of boots
Stlth    ++........             (no amulet)
HPRegen  0.12/turn              (no ring)
MPRegen  0.16/turn              (no ring)

@: no status effects
A: no striking features
a: no special abilities


You were on level 6 of the Dungeon.
You visited 2 branches of the dungeon, and saw 7 of its levels.

You collected 198 gold pieces.

Inventory:

Hand Weapons
 g - a +0 short sword of speed
 m - a +0 whip
 s - a +3 dagger
 t - the +7 rapier "Cockeq" (weapon) {flame, rF+}
   (You found it on level 6 of the Dungeon)

   It has been specially enchanted to burn those struck by it, causing extra
   injury to most foes and up to half again as much damage against particularly
   susceptible opponents.
   It protects you from fire.
Armour
 a - a +0 robe (worn)
 d - a +1 pair of boots (worn)
 r - a +0 pair of gloves (worn)
Magical Staves
 b - a staff of fire
Jewellery
 v - an amulet of reflection
Wands
 k - a wand of flame (24)
 q - a wand of acid (4)
Scrolls
 c - 2 scrolls of enchant weapon {unknown}
 e - 2 scrolls of amnesia {unknown}
 h - 2 scrolls of immolation {unknown}
 i - a scroll of enchant armour {unknown}
 j - 2 scrolls of identify {unknown}
 l - a scroll of noise {unknown}
 n - a scroll of blinking {unknown}
 w - a scroll of magic mapping {unknown}
Potions
 f - a potion of might
 o - a potion of magic {unknown}
 p - 2 potions of haste {unknown}
 u - a potion of heal wounds {unknown}
 x - 2 potions of attraction {unknown}


   Skills:
 + Level 0.3 Fighting
 + Level 0.6 Short Blades
 + Level 3.4 Dodging
 + Level 3.1 Stealth
 + Level 7.1 Spellcasting
 * Level 4.7 Summonings
 + Level 7.2 Necromancy


You had 12 spell levels left.
You knew the following spells:

 Your Spells              Type           Power      Damage    Failure   Level
a - Pain                  Necr           100%       1d9       1%          1
b - Call Imp              Summ           27%        N/A       1%          2
c - Animate Skeleton      Necr           76%        N/A       1%          1
d - Animate Dead          Necr           19%        N/A       4%          4

Your spell library contained the following spells:

 Spells                   Type           Power      Damage    Failure   Level
 Vampiric Draining        Necr           19%        2d8       1%          3
 Beastly Appendage        Tmut           14%        N/A       9%          1
 Corona                   Hex            7%         N/A       9%          1
 Magic Dart               Conj           28%        1d4       9%          1
 Agony                    Necr           38%        N/A       12%         5
 Blink                    Tloc           N/A        N/A       13%         2
 Slow                     Hex            7%         N/A       13%         2
 Wereblood                Tmut           7%         N/A       13%         2
 Conjure Flame            Conj/Fire      7%         6-21      26%         3
 Inner Flame              Hex/Fire       7%         N/A       26%         3
 Mephitic Cloud           Conj/Pois/Air  7%         N/A       26%         3
 Portal Projectile        Hex/Tloc       14%        N/A       26%         3
 Spider Form              Tmut/Pois      3%         N/A       26%         3
 Cause Fear               Hex            3%         N/A       65%         4
 Ice Form                 Ice/Tmut       7%         N/A       65%         4
 Leda's Liquefaction      Hex/Erth       3%         N/A       65%         4
 Hydra Form               Tmut           3%         N/A       94%         5


Dungeon Overview and Level Annotations

Branches:
Dungeon (6/15)             Temple (1/1) D:5

Altars:
Dithmenos
Fedhas
Gozag
Hepliaklqana
Kikubaaqudgha
Makhleb
Okawaru
Qazlal
Vehumet
Wu Jian
Yredelemnul
The Shining One

Shops:
D:2 (

Annotations:
D:4 2 runed translucent doors, freelancePsychic's ghost, weakling GnWn


Message History

The bullfrog skeleton misses you.
You hit the bullfrog skeleton. You burn the bullfrog skeleton.
You destroy the bullfrog skeleton!
You pick up a book of Debilitation and begin reading...
You add the spells Corona, Inner Flame, Portal Projectile, Cause Fear and Leda's Liquefaction to your library.
Okay, then.
You open the door.
Found a kite shield.
There is an open door here.
Found a wand of acid (5).
You see here a +0 kite shield.
A wyvern zombie comes into view.
Your crimson imp blinks!
Found a hunting sling.
Casting: Call Imp (safe; 1% risk of failure)
Confirm with . or Enter, or press ? or * to list all spells.
A beastly little devil appears in a puff of frigid air.
The wyvern zombie closely misses you.
Your crimson imp blinks!
You hit the wyvern zombie but do no damage.
Your crimson imp disappears in a puff of smoke!
The wyvern zombie bites you. The wyvern zombie bites you!
Your white imp gestures at the wyvern zombie.
The puff of frost hits the wyvern zombie.
The wyvern zombie resists.
Unknown command.
You completely miss the wyvern zombie.
The wyvern zombie is lightly damaged.
Your crimson imp hits the wyvern zombie but does no damage.
The wyvern zombie bites you.
Your white imp gestures at the wyvern zombie.
The puff of frost hits the wyvern zombie.
The wyvern zombie resists.
You barely miss the wyvern zombie.
The wyvern zombie is lightly damaged.
The wyvern zombie bites you!
* * * LOW HITPOINT WARNING * * *
Your crimson imp hits the wyvern zombie. x2
The wyvern zombie bites you!
You die...

#......######.
.≈≈......##......##.....
.≈≈.)≈♣..++......''.....
.≈≈..≈≈..##......##.†...
≈.≈..≈♣..........##.....
#.♣≈.≈≈#.≈.≈..........##.....
#
#.≈≈≈≈.≈.≈.≈..........#######
# #.≈.♣≈♣≈...5.######......#
#####..#.≈≈≈../Z@# #......#
#.....≈..≈.#≈..55# #......#
#.........≈#.≈.#.# #......+
#..........#####[# ##......#
+.........'..5...# #[......#
#.........######## #.......#
#.........# #......(#
#.........############.......#
....................§......(.#


You could see a wyvern zombie (ally target), 2 friendly crimson imps and a
friendly white imp (summoned).

Vanquished Creatures
  An ice beast (D:6)
  A black bear (D:5)
  A bullfrog (D:6)
  2 scorpions (D:6)
  A bullfrog zombie (D:6)
  2 hounds
  A bullfrog skeleton (D:6)
  2 iguanas (D:5)
  Natasha (twice) (D:3)
  3 orc wizards
  4 gnolls
  3 adders
  A worm (D:2)
  A dart slug (D:2)
  11 orcs
  3 ball pythons
  4 endoplasms
  A giant cockroach (D:2)
  3 goblins
  5 hobgoblins
  A jackal (D:3)
  3 quokkas (D:1)
  4 bats
  5 frilled lizards
  6 kobolds
  4 rats
75 creatures vanquished.

Vanquished Creatures (collateral kills)
  A phantom (D:5)
  A bullfrog zombie (D:5)
  Natasha (D:3)
  2 orc wizards
  A hound skeleton (D:4)
  An adder (D:6)
  An adder skeleton (D:4)
  2 dart slugs (D:4)
  8 orcs
  2 jackals (D:3)
  A kobold (D:3)
  A bat (D:3)
  A quokka skeleton (D:3)
23 creatures vanquished.

Vanquished Creatures (others)
  2 plants (D:4)
2 creatures vanquished.

Grand Total: 100 creatures vanquished

Notes
Turn   | Place    | Note
-------+----------+-------------------------------------------
     0 | D:1      | karrick the Deep Elf Necromancer began the quest for the
                  | Orb.
     0 | D:1      | Reached XP level 1. HP: 10/10 MP: 6/6
   152 | D:1      | Reached skill level 5 in Necromancy
   390 | D:1      | Reached XP level 2. HP: 15/15 MP: 8/8
   996 | D:2      | Found Yfueg's Weapon Shop.
  1234 | D:2      | Learned a level 2 spell: Call Imp
  1268 | D:2      | Reached XP level 3. HP: 18/19 MP: 7/9
  1821 | D:2      | Reached XP level 4. HP: 22/24 MP: 9/12
  1879 | D:2      | Reached skill level 1 in Summonings
  2023 | D:3      | Found a faded altar of an unknown god.
  2191 | D:3      | Learned a level 1 spell: Animate Skeleton
  2255 | D:3      | Noticed Natasha
  2832 | D:3      | Killed Natasha
  3101 | D:3      | Reached XP level 5. HP: 26/28 MP: 8/13
  3164 | D:3      | Noticed Natasha
  3170 | D:3      | Killed Natasha
  3248 | D:3      | Noticed Natasha
  3262 | D:3      | Killed Natasha
  3535 | D:4      | Reached skill level 5 in Spellcasting
  3890 | D:4      | Found a shadowy altar of Dithmenos.
  3894 | D:4      | Reached XP level 6. HP: 30/32 MP: 12/15
  4188 | D:4      | Learned a level 4 spell: Animate Dead
  4313 | D:4      | Found a large runed translucent door.
  4313 | D:4      | Found a large runed translucent door.
  4315 | D:4      | Noticed freelancePsychic's ghost (weakling GnWn)
  4906 | D:4      | Found a glowing golden altar of the Shining One.
  5268 | D:5      | Entered Level 5 of the Dungeon
  6237 | D:5      | Noticed a sky beast
  6690 | D:5      | Reached XP level 7. HP: 14/36 MP: 18/18
  6975 | D:5      | Found a staircase to the Ecumenical Temple.
  6984 | Temple   | Entered the Ecumenical Temple
  7254 | D:6      | Identified the +7 rapier "Cockeq" {flame, rF+}
  7716 | D:6      | Mangled by a wyvern zombie

Illustrated notes

Levels and vault maps discovered:
D:1:      shiori_arrival_oz, layout_rooms
D:2:      layout_rooms, serial_shops, shop
D:3:      layout_rooms, ebering_ecumenical_altar_webs, uniq_natasha
D:4:      layout_basic, tso_oasis_becter, nicolae_dithmenos_the_darkroom,
          ebering_ghost_disaster_area, fountainhead, minmay_misc_feat_x
D:5:      layout_basic, minmay_temple_entry_butterflies
D:6:      layout_basic, chequers_serial_rivers_marsh
Temple:   eino_wide_crystal_templ

Skill      XL: |  1  2  3  4  5  6  7 |
---------------+----------------------+-----
Necromancy     | 5 6 7 |  7.2
Spellcasting   | 4 5 6 7 |  7.1
Summonings     | 1 2 3 4 |  4.7
Dodging        | 3 |  3.4
Stealth        | 3 |  3.1
Fighting       | |  0.3
Short Blades   | |  0.6

Action                   |  1- 3 |  4- 6 |  7- 9 || total
-------------------------+-------+-------+-------++-------
Melee: Unarmed           |     2 |       |       ||     2
       Dagger            |     7 |    63 |     4 ||    74
       Rapier            |       |       |    16 ||    16
 Cast: Pain              |    54 |    96 |     5 ||   155
       Call Imp          |     1 |    53 |    17 ||    71
       Animate Skeleton  |       |     6 |       ||     6
  Use: Potion            |       |     3 |       ||     3
 Stab: Sleeping          |     1 |     1 |     1 ||     3
Armor: Robe              |     5 |    25 |     6 ||    36
       Skin              |       |    16 |       ||    16
Dodge: Dodged            |    12 |    44 |    12 ||    68

Table legend: (Time is in decaauts)
 A = Elapsed time spent in this place.
 B = Non-inter-level travel time spent in this place.
 C = Inter-level travel time spent in this place.
 D = Time resting spent in this place.
 E = Time spent auto-exploring this place.
 F = Levels seen in this place.
 G = Mean time per level.
                   A        B        C        D        E       F      G
               +--------+--------+--------+--------+--------+-----+--------+
         Total |   7730 |   7302 |    428 |   1906 |   3961 |   7 | 1104.3 |
       Dungeon |   7655 |   7227 |    428 |   1906 |   3916 |   6 | 1275.8 |
        Temple |     74 |     74 |      0 |      0 |     45 |   1 |   74.0 |
               +--------+--------+--------+--------+--------+-----+--------+

Top non-repeatable levels by time:
     D:4: 1927 daAuts
     D:2: 1617 daAuts
     D:3: 1355 daAuts
     D:5: 1296 daAuts
     D:1: 879 daAuts
     D:6: 578 daAuts
  Temple: 74 daAuts
